 Dungeon Crawl Stone Soup version 0.14-a0-2644-gcc8e764 (console) character file.

2463 Garrluk the Conjurer (level 9, -1/62 HPs)
             Began as a Red Draconian Conjurer on Feb 16, 2014.
             Slain by an orc warrior
             ... wielding a +0,+1 orcish halberd
              (15 damage)
             ... on Level 7 of the Dungeon.
             The game lasted 00:25:24 (6617 turns).

Garrluk the Conjurer (Red Draconian Conjurer)       Turns: 6617, Time: 00:25:24

HP  -1/62        AC 12     Str 12      XL: 9   Next: 14%
MP   6/23        EV 12     Int 25      God:
Gold 231         SH  0     Dex  9      Spells:  4 memorised,  9 levels left

rFire  + . .     SeeInvis .     u - +11,+0 long sword "Killer Bee's Death" {flame, Int+3 Stlth+}
rCold  . . .     Clarity  .     (armour unavailable)
rNeg   + . .     Conserve .     (no shield)
rPois  .         rCorr    +     (helmet restricted)
rElec  .         rRot     .     (no cloak)
SustAb . .       Spirit   .     y - +2 pair of gloves
rMut   .         Warding  .     w - +1 pair of boots
Saprov . . .     Stasis   .     j - amulet of resist corrosion
MR     .....                    s - ring of Trerell {Wiz Dex-2 Int+4}
                                d - ring of positive energy {unknown}

@: about to teleport, mildly poisoned, not resistant to hostile enchantments,
stealthy
A: breathe fire, unfitting armour, antennae 1, fire resistance 1, AC +7
a: Breathe Fire


You were on level 7 of the Dungeon.
You were hungry.

You visited 2 branches of the dungeon, and saw 9 of its levels.

You collected 231 gold pieces.

Notes
Turn   | Place    | Note
--------------------------------------------------------------
     0 | D:1      | Garrluk, the Draconian Conjurer, began the quest for the Orb.
     0 | D:1      | Reached XP level 1. HP: 14/14 MP: 3/3
   293 | D:1      | Reached XP level 2. HP: 15/20 MP: 1/4
   355 | D:1      | Learned a level 2 spell: Searing Ray
   955 | D:1      | Reached XP level 3. HP: 24/26 MP: 0/6
  1216 | D:2      | Reached skill level 5 in Conjurations
  1407 | D:2      | Reached XP level 4. HP: 33/33 MP: 1/8
  2511 | D:4      | Reached XP level 5. HP: 38/38 MP: 4/11
  2737 | D:4      | Reached skill level 6 in Conjurations
  3023 | D:4      | Reached XP level 6. HP: 35/45 MP: 0/13
  3098 | D:4      | Noticed an ogre
  3112 | D:4      | Killed an ogre
  3422 | D:4      | Reached skill level 7 in Conjurations
  3546 | D:4      | Learned a level 4 spell: Iskenderun's Mystic Blast
  3575 | D:4      | Your scales start taking on a fiery red colour.
  3575 | D:4      | Gained mutation: Your flesh is heat resistant. [draconian maturity]
  3575 | D:4      | Reached XP level 7. HP: 50/50 MP: 10/17
  4005 | D:5      | Entered Level 5 of the Dungeon
  4161 | D:5      | Got a transparent long sword
  4162 | D:5      | Identified the +11,+0 long sword "Killer Bee's Death" {flame, Int+3 Stlth+} (You found it on level 5 of the Dungeon)
  4295 | D:5      | Got a crude copper ring
  4367 | D:5      | Found a staircase to the Ecumenical Temple.
  4375 | D:5      | the staircase to the Ecumenical Temple was a mimic.
  4429 | D:5      | Noticed Duvessa
  4429 | D:5      | Noticed Dowan
  4596 | D:5      | Reached skill level 8 in Conjurations
  5155 | D:6      | Reached skill level 5 in Spellcasting
  5255 | D:6      | Reached XP level 8. HP: 39/57 MP: 15/20
  5259 | D:6      | Reached skill level 9 in Conjurations
  5551 | D:6      | Found a shattered altar of Ashenzari.
  5720 | D:6      | Reached skill level 10 in Conjurations
  5745 | D:6      | Learned a level 4 spell: Iskenderun's Battlesphere
  5842 | D:7      | Found a staircase to the Ecumenical Temple.
  5851 | Temple   | Entered the Ecumenical Temple
  6227 | D:7      | Gained mutation: You have a pair of small antennae on your head. [mutagenic meat]
  6296 | D:7      | Reached XP level 9. HP: 58/62 MP: 5/23
  6556 | D:7      | Noticed Blork the orc
  6559 | D:7      | Killed Blork the orc
  6617 | D:7      | Slain by an orc warrior

Inventory:

Hand weapons
 m - a +2,+1 short sword of draining
   (You found it on level 2 of the Dungeon)
 u - the cursed +11,+0 long sword "Killer Bee's Death" (weapon) {flame, Int+3 Stlth+}
   (You found it on level 5 of the Dungeon)

   It emits flame when wielded, causing extra injury to most foes and up to
   double damage against particularly susceptible opponents.
   Big, fiery blades are also staple armaments of hydra-hunters.
   It affects your intelligence (+3).
   It makes you much more stealthy.
   It has a curse placed upon it.
Armour
 w - a +1 pair of boots (worn)
   (You found it on level 4 of the Dungeon)
 y - a +2 pair of gloves (worn)
   (You found it on level 6 of the Dungeon)
Comestibles
 b - 5 bread rations
 l - an apple
 p - 3 meat rations
 q - 2 chokos
 x - a chunk of iguana flesh
Scrolls
 f - 2 scrolls of remove curse
 h - 5 scrolls of identify
 i - a scroll of fear
 o - 2 scrolls of enchant weapon I
Jewellery
 d - a ring of positive energy (left hand) {unknown}
   (You found it on level 1 of the Dungeon)
 e - an uncursed ring of sustenance
   (You found it on level 1 of the Dungeon)
 j - an amulet of resist corrosion (around neck)
   (You found it on level 1 of the Dungeon)
 s - the ring of Trerell (right hand) {Wiz Dex-2 Int+4}
   (You found it on level 5 of the Dungeon)

   [ring of wizardry]

   It affects your intelligence (+4).
   It affects your dexterity (-2).
Potions
 a - 2 potions of speed
 g - 3 potions of heal wounds
 n - 4 potions of curing
 r - a potion of magic
 t - a potion of porridge
 z - a potion of agility
Books
 c - a book of Conjurations

   Spells                             Type                      Level
   *Magic Dart                        Conjuration                  1
   *Searing Ray                       Conjuration                  2
   Dazzling Spray                     Conjuration/Hexes            3
   *Iskenderun's Mystic Blast         Conjuration                  4
   *Iskenderun's Battlesphere         Conjuration/Charms           4
   Fulminant Prism                    Conjuration/Hexes            5
 v - a book of Maledictions
   (You found it on level 5 of the Dungeon)

   Spells                             Type                      Level
   Corona                             Hexes                        1
   Sure Blade                         Hexes/Charms                 2
   Ensorcelled Hibernation            Hexes/Ice                    2
   Confuse                            Hexes                        3
   Enslavement                        Hexes                        4
   Invisibility                       Hexes                        6

Table legend:
 A = Turns spent in this place as a percentage of turns spent in the entire game.
 B = Non-inter-level travel turns spent in this place as a percentage of non-inter-level travel turns spent in the entire game.
 C = Inter-level travel turns spent in this place as a percentage of turns spent in this place.
 D = Turns resting spent in this place as a percentage of non-inter-level travel turns spent in this place.
 E = Turns spent auto-exploring this place as a percentage of non-inter-level travel turns spent in this place.
 F = Non-inter-level travel turns spent in this place divided by the number of levels of this place that you've seen.
                   A       B       C       D       E      F
               +-------+-------+-------+-------+-------+----------------------
         Total | 100.0 | 100.0 |   0.7 |   3.9 |   8.0 | 232.1
       Dungeon |  99.1 |  99.1 |   0.6 |   4.0 |   7.3 | 258.9
        Temple |   0.9 |   0.9 |   5.3 |   0.0 |  83.3 |  18.0
               +-------+-------+-------+-------+-------+----------------------


   Skills:
 - Level 1.7 Dodging
 - Level 1.7 Stealth
 + Level 6.4 Spellcasting
 * Level 10.8 Conjurations


You had 9 spell levels left.
You knew the following spells:

 Your Spells              Type           Power        Failure   Level  Hunger
a - Magic Dart            Conj           ####         1%          1    None
b - Iskenderun's Battles  Conj/Chrm      #####...     3%          4    ###....
c - Iskenderun's Mystic   Conj           ######..     1%          4    ###....
A - Searing Ray           Conj           ######       1%          2    None


Dungeon Overview and Level Annotations

Branches:
Dungeon (8/16)             Temple (1/1) D:7
   Lair: D:8-11

Altars:
Ashenzari
Cheibriados
Dithmenos
Elyvilon
Fedhas
Kikubaaqudgha
Makhleb
Okawaru
Sif Muna
Trog
Yredelemnul
Zin
The Shining One

Annotations:
D:5 Dowan, Duvessa


Innate Abilities, Weirdness & Mutations

You can breathe blasts of fire.
Your fiery red scales are hard (AC +7).
Your body does not fit into most forms of armour.
Your cold-blooded metabolism reacts poorly to cold.
Your flesh is heat resistant.
You have a pair of small antennae on your head.


Message History

There is a stone staircase leading up here.
You can't go down here!
The centaur skeleton hits you!
The worker ant bites you but does no damage.
The centaur skeleton hits you.
You climb upwards.
The orc warrior shouts!
The orc priest shouts!
A ball python and 2 orcs come into view.
The orc shouts!
The orc priest glows brightly for a moment.
The orc priest calls down the wrath of Beogh upon you.
Something smites you!
Found 2 potions of magic and a scroll of teleportation.
There is a stone staircase leading down here.
Read which item? (? for menu, Esc to quit)
As you read the scroll of teleportation, it crumbles to dust.
You feel strangely unstable. The worker ant bites you.
* * * LOW HITPOINT WARNING * * *
The orc warrior hits you from afar with an orcish halberd!
You die...

...........
)%<........
...........
########## # ..
##
##.#.######.#####
!.....oo@.....S..
##.o..oa........#
#############..


You could see an orc warrior, a worker ant, an orc priest, 2 orcs and a ball
python.

Table legend:
 A = Kills in this place as a percentage of kills in entire the game.
 B = Kills by you in this place as a percentage of kills by you in the entire game.
 C = Kills by friends in this place as a percentage of kills by friends in the entire game.
 D = Other kills in this place as a percentage of other kills in the entire game.
 E = Experience gained in this place as a percentage of experience gained in the entire game.
 F = Experience gained in this place divided by the number of levels of this place that you have seen.
                   A       B       C       D       E      F
               +-------+-------+-------+-------+-------+----------------------
         Total | 100.0 | 100.0 |  -nan |  -nan | 100.0 | 354.3
       Dungeon | 100.0 | 100.0 |  -nan |  -nan | 100.0 | 398.6
               +-------+-------+-------+-------+-------+----------------------

Vanquished Creatures
  Monster Symbol All 'B'
  A goliath beetle (D:6)
1 creature vanquished. All 'F' 2 giant frogs (D:6)
2 creatures vanquished. All 'I' A sky beast (D:7) An ice beast (D:6)
2 creatures vanquished. All 'J' A jelly (D:6) An ooze (D:1)
2 creatures vanquished. All 'K' 11 kobolds
11 creatures vanquished. All 'O' 6 ogres
6 creatures vanquished. All 'S' 8 adders A ball python (D:2)
9 creatures vanquished. All 'X' An inept feature mimic (D:5)
1 creature vanquished. All 'Z' A sky beast zombie (D:6) An ogre zombie (D:6) An ogre skeleton (D:4)
3 creatures vanquished. All 'a' 9 worker ants
9 creatures vanquished. All 'b' 16 bats
16 creatures vanquished. All 'g' A gnoll sergeant (D:7) 2 gnolls (D:7) 8 goblins 10 hobgoblins
21 creatures vanquished. All 'h' 3 hounds 8 jackals
11 creatures vanquished. All 'l' 4 iguanas 3 giant geckos 4 giant newts
11 creatures vanquished. All 'o' Blork the orc (D:7) 8 orc wizards 24 orcs
33 creatures vanquished. All 'p' A hungry ghost (D:6)
1 creature vanquished. All 'r' A quokka (D:7) 10 rats
11 creatures vanquished. All 's' A scorpion (D:4) 4 giant mites 3 giant cockroaches
8 creatures vanquished. All 'w' 2 worms
2 creatures vanquished. All 'z' 3 wights A giant frog skeleton (D:6) An orc skeleton (D:6) A giant gecko skeleton (D:4) A rat skeleton (D:6)
7 creatures vanquished.
167 creatures vanquished. Monster Nature Uniques Blork the orc (D:7)
1 creature vanquished. Natural Monsters A sky beast (D:7) An ice beast (D:6) 6 ogres 2 giant frogs (D:6) A gnoll sergeant (D:7) A goliath beetle (D:6) 3 hounds A jelly (D:6) 8 orc wizards 9 worker ants 4 iguanas A scorpion (D:4) 8 adders 2 gnolls (D:7) 2 worms 4 giant mites 3 giant geckos An ooze (D:1) 24 orcs A ball python (D:2) 3 giant cockroaches 8 goblins 10 hobgoblins 8 jackals A quokka (D:7) 16 bats 4 giant newts 11 kobolds 10 rats
154 creatures vanquished. Non-Living Monsters An inept feature mimic (D:5)
1 creature vanquished. Undead Monsters A hungry ghost (D:6) 3 wights A giant frog skeleton (D:6) A sky beast zombie (D:6) An ogre zombie (D:6) An ogre skeleton (D:4) An orc skeleton (D:6) A giant gecko skeleton (D:4) A rat skeleton (D:6)
11 creatures vanquished.
167 creatures vanquished. Ascending Order A hungry ghost (D:6) A sky beast (D:7) An ice beast (D:6) Blork the orc (D:7) A gnoll sergeant (D:7) A goliath beetle (D:6) A jelly (D:6) A giant frog skeleton (D:6) A scorpion (D:4) A sky beast zombie (D:6) An ogre zombie (D:6) An ogre skeleton (D:4) An orc skeleton (D:6) An inept feature mimic (D:5) An ooze (D:1) A ball python (D:2) A quokka (D:7) A giant gecko skeleton (D:4) A rat skeleton (D:6) 2 giant frogs (D:6) 2 gnolls (D:7) 2 worms 3 wights 3 hounds 3 giant geckos 3 giant cockroaches 4 iguanas 4 giant mites 4 giant newts 6 ogres 8 orc wizards 8 adders 8 jackals 8 goblins 9 worker ants 10 hobgoblins 10 rats 11 kobolds 16 bats 24 orcs
167 creatures vanquished.

Action                   |  1- 3 |  4- 6 |  7- 9 || total
-------------------------+-------+-------+-------++-------
Melee: Unarmed           |    10 |       |       ||    10
       Short sword       |     3 |    36 |       ||    39
       Dagger            |     2 |       |       ||     2
       Long sword        |       |       |    86 ||    86
 Cast: Magic Dart        |    55 |   115 |   147 ||   317
       Searing Ray       |     3 |     8 |     8 ||    19
       Iskenderun's Myst |       |       |    28 ||    28
       Iskenderun's Batt |       |       |     3 ||     3
 Abil: Breathe Fire      |       |       |     5 ||     5
  Use: Scroll            |       |     2 |    11 ||    13
       Potion            |       |     2 |     8 ||    10
